AoeStats
← El Conchetumare

Arabia

510433434Analyzed
2v2 RM · 2d ago on Oct 1, 2026· 68m 57s· 4 players
Game mode
Random Map
Map size
Medium (4 player)
Population
200
Speed
Normal
Resources
Standard
Victory
Conquest
Starting age
Dark Age
Ending age
Imperial Age
RankedLock teamsTeams togetherTeam positionsShared explorationLock speedFull tech treeHidden civsTurbo modeCheats
Victory
Defeat
🇲🇽 Magyars · Mexico
1328
+14
🇲🇽 Cumans · Mexico
1203
+19
🇵🇪 Mongols · Peru
1319
-18
🇨🇱 Bulgarians · Chile
1233
-15
KarlStrange
6:38 Loom
9:01 Feudal Age
9:41 Double-Bit Axe
9:37 Horse Collar
17:06 Wheelbarrow
17:41 Scale Barding Armor
22:43 Castle Age
22:24 Fletching
22:28 Gold Mining
23:02 Bloodlines
24:02 Bodkin Arrow
25:21 Ballistics
25:34 Husbandry
28:00 Hand Cart
29:41 Gold Shaft Mining
32:55 Padded Archer Armor
35:07 Thumb Ring
39:27 Imperial Age
37:53 Leather Archer Armor
40:12 Bracer
44:56 Chemistry
45:22 Parthian Tactics
46:06 Devotion
48:51 Ring Archer Armor
50:14 Conscription
53:09 Recurve Bow
53:55 Heavy Cavalry Archer
54:51 Stone Mining
56:14 Treadmill Crane
56:44 Masonry
57:47 Light Cavalry
58:49 Chain Barding Armor
60:04 Hussar
60:30 Elite Magyar Huszar
61:14 Corvinian Army
62:13 Hoardings
61:39 Murder Holes
63:23 Heavy Plow
63:35 Bow Saw
69:20 Plate Barding Armor
JhonViper
10:02 Feudal Age
8:18 Loom
18:30 Scale Barding Armor
19:53 Forging
20:45 Wheelbarrow
20:05 Horse Collar
21:23 Double-Bit Axe
25:18 Castle Age
25:10 Fletching
57:26 Chain Barding Armor
58:47 Iron Casting
62:54 Bloodlines
64:57 Bodkin Arrow
64:50 Town Watch
El Conchetumare
3:16 Loom
9:52 Feudal Age
12:58 Double-Bit Axe
17:00 Horse Collar
23:25 Castle Age
22:15 Forging
22:12 Scale Barding Armor
22:57 Bloodlines
22:42 Gold Mining
25:13 Husbandry
26:15 Fletching
37:03 Imperial Age
41:16 Wheelbarrow
43:22 Chemistry
46:08 Bodkin Arrow
49:59 Hand Cart
50:39 Ballistics
50:08 Elite Skirmisher
50:50 Bracer
50:50 Padded Archer Armor
53:14 Leather Archer Armor
60:55 Iron Casting
60:41 Chain Barding Armor
60:24 Scale Mail Armor
60:04 Pikeman
60:45 Squires
61:34 Halberdier
68:18 Blast Furnace
67:39 Chain Barding Armor
68:04 Light Cavalry
WALLS
4:48 Loom
4:58 Loom
8:36 Feudal Age
9:31 Double-Bit Axe
15:51 Forging
22:56 Castle Age
21:02 Fletching
21:17 Padded Archer Armor
21:18 Gold Mining
22:06 Bloodlines
24:06 Thumb Ring
24:21 Leather Archer Armor
24:06 Bodkin Arrow
25:30 Leather Archer Armor
33:54 Ballistics
40:24 Horse Collar
44:13 Wheelbarrow
44:06 Bow Saw
52:35 Imperial Age
50:21 Hand Cart
52:31 Gold Shaft Mining
53:42 Drill
53:45 Stone Mining
54:09 Onager
55:37 Stone Shaft Mining
56:18 Parthian Tactics
56:32 Bracer
57:24 Siege Onager
58:40 Scale Barding Armor
59:12 Iron Casting
60:30 Husbandry
59:51 Light Cavalry
61:21 Hussar
64:23 Chemistry
63:34 Masonry
63:37 Heavy Cavalry Archer
65:00 Heavy Plow
67:49 Siege Engineers
Connection lost

Rejoining the realm…

Still unreachable

The connection could not be restored.

Session expired

The server has moved on; the page needs a fresh start.